Map: Orbital Shipyard

Players

wabbajack

  • Race: Terran Terran
  • League: Grandmaster

Arri - Winner!

  • Race: Zerg Zerg
  • League: Grandmaster

VOD

Have the link to the VOD?

Description

Time

  • Played on: July 13, 2015, 12:57 p.m.
  • Length: 2:48
Show
View Real Time Build Order
Export as new Build Order

wabbajack Terran 

Build Orders:  

Get SALT Encoding   

  12  0:01  SCV  
  13  0:13  SCV  
  14  0:26  SCV  
  15  0:29  Supply Depot  
  15  0:31  Refinery  
  15  0:51  SCV  
  15  0:53  Barracks  
  16  1:03  SCV, Refinery  
  17  1:15  SCV  
  18  1:27  SCV  
  19  1:42  Supply Depot, Factory  
  19  1:44  Orbital Command  
  19  1:53  Marine  
  20  2:11  SCV  
  21  2:18  Marine  
  22  2:32  Starport  
  22  2:34  Starport  
  22  2:42  Barracks Reactor  
Show
View Real Time Build Order
Export as new Build Order

Arri Zerg - Winner!

Build Orders: Hatch First 

Get SALT Encoding   

  12  0:01  Drone  
  13  0:09  Drone  
  14  0:17  Overlord  
  14  0:28  Extractor  
  14  0:29  Drone  
  14  0:30  Drone, Extractor  
  16  0:52  Hatchery  
  15  0:58  Extractor  
  14  1:09  Spawning Pool  
  13  1:11  Drone  
  13  1:15  Drone  
  15  1:22  Drone  
  16  1:30  Drone  
  17  1:34  Drone  
  18  1:44  Overlord  
  18  1:56  Queen  
  18  1:58  Zergling x2  
  21  2:04  Queen  
  21  2:07  Zergling x2  
  24  2:14  Drone  
  25  2:21  Drone  
  26  2:25  Drone  
  27  2:32  Drone x2  
Tags
 
Add a new tag
Caveats
  • Supply blocks, unpowered buildings, or Contaminate may cause inaccurate times.
  • Supply counts are checked every 10 seconds.